 Dungeon Crawl Stone Soup version 0.30.2 (webtiles) character file.

Game seed: 16532820664010595632

180307 Charmandara the Severer (level 19, -3/177 HPs)
             Began as a Meteoran Fighter on Nov 3, 2023.
             Was a High Priest of Makhleb.
             Slain by a demonic crawler (8 damage)
             ... on level 3 of the Spider Nest on Mar 28, 2024.
             The game lasted 02:45:52 (16385 turns).

Charmandara the Severer (Meteoran Fighter)         Turns: 16385, Time: 02:45:53

Health: -3/177     AC: 23    Str: 27    XL:     19   Next: 26%
Magic:  0/32       EV: 14    Int:  9    God:    Makhleb [*****.]
Gold:   753        SH: 11    Dex: 15    Spells: 24/28 levels left

rFire   + + .        a - +1 broad axe (venom)
rCold   + . .        S - +0 kite shield {rC+}
rNeg    . . .        j - +2 chain mail {rF+}
rPois   +            R - +0 helmet {SInv}
rElec   .            Q - +2 cloak {rF+}
rCorr   .            (no gloves)
SInv    +            A - +2 pair of boots
Will    ++...        z - amulet of guardian spirit Stlth
                     h - ring of flight
HPRegen 0.49/turn    q - ring of poison resistance
MPRegen 0.23/turn

%: guardian spirit
@: on blink cooldown, flying, glowing
A: sense surroundings 3, otherworldly, glowing, explore regen, noise suppression
}: 1/15 runes: decaying
a: Renounce Religion, Minor Destruction, Lesser Servant of Makhleb, Major
Destruction, Greater Servant of Makhleb


You were on level 3 of the Spider Nest.
You worshipped Makhleb.
Makhleb was extremely pleased with you.
You visited 6 branches of the dungeon, and saw 31 of its levels.
You also visited: Volcano.

You collected 2560 gold pieces.
You spent 1807 gold pieces at shops.

Inventory:

Hand Weapons
 a - a +1 broad axe of venom (weapon)
 b - a +1 demon whip of venom
 w - a +0 morningstar of freezing
Missiles
 v - 4 atropa-tipped darts
 F - 24 poisoned darts
 T - a throwing net
Armour
 d - the +0 scale mail of the Abyss {rElec Int-5 SInv}
   (You found it on level 5 of the Lair of Beasts)

   Int:       It affects your intelligence (-5).
   rElec:     It insulates you from electricity.
   SInv:      It lets you see invisible.
 i - a +2 buckler
 j - a +2 chain mail of fire resistance (worn)
 m - an orb of mayhem
 A - a +2 pair of boots (worn)
 Q - a +2 cloak of fire resistance (worn)
 R - a +0 helmet of see invisible (worn)
 S - a +0 kite shield of cold resistance (worn)
Jewellery
 h - a ring of flight (left hand)
 k - a ring of protection from fire
 p - an amulet of magic regeneration
 q - a ring of poison resistance (right hand)
 s - a +4 ring of protection
 z - an amulet of guardian spirit (around neck)
 D - a ring of positive energy
 E - the amulet of Lugonu's Generosity {Faith -Cast Str+6 Int-2 SInv}
   (You found it on level 4 of the Swamp)

   [amulet of faith]

   It allows you to gain divine favour quickly.
   Str:       It affects your strength (+6).
   Int:       It affects your intelligence (-2).
   SInv:      It lets you see invisible.
   -Cast:     It prevents spellcasting.
 W - a ring of protection from cold
 Z - a ring of protection from fire
Wands
 r - a wand of polymorph (18)
 y - a wand of flame (4) (quivered)
 J - a wand of mindburst (3)
 P - a wand of quicksilver (2)
 V - a wand of charming (9)
 X - a wand of digging (17)
Scrolls
 e - 3 scrolls of vulnerability
 f - 4 scrolls of immolation
 l - 4 scrolls of teleportation
 o - 2 scrolls of poison
 t - 2 scrolls of blinking
 u - 2 scrolls of silence
 x - 2 scrolls of torment
 G - 3 scrolls of fog
 K - 18 scrolls of identify
 O - 2 scrolls of amnesia
Potions
 c - 5 potions of mutation
 g - 3 potions of flight
 n - 3 potions of might
 B - 6 potions of curing
 C - 2 potions of haste
 H - 3 potions of magic
 M - 3 potions of lignification
 N - 4 potions of attraction
 U - 3 potions of brilliance
 Y - a potion of resistance
Miscellaneous
 I - a phantom mirror (inert)
 L - a phial of floods


   Skills:
 + Level 17.0 Fighting
 - Level 18.0 Axes
 + Level 13.8 Armour
 - Level 13.0 Dodging
 - Level 10.0 Shields
 * Level 5.1 Spellcasting
 * Level 5.2 Translocations
 - Level 17.8 Invocations
 - Level 9.0 Evocations


You had 24 spell levels left.
You knew the following spells:

 Your Spells              Type           Power      Damage    Failure   Level
a - Blink                 Tloc           22%        N/A       22%         2
b - Lesser Beckoning      Tloc           22%        N/A       22%         2

Your spell library contained the following spells:

 Spells                   Type           Power      Damage    Failure   Level
 Momentum Strike          Conj/Tloc      14%        3d8       56%         2
 Volatile Blastmotes      Fire/Tloc      14%        2d11      80%         3
 Manifold Assault         Tloc           11%        N/A       83%         4
 Scorch                   Fire           4%         2d5       89%         2
 Static Discharge         Conj/Air       4%         2-3/arc   89%         2
 Dazzling Flash           Conj/Hex       4%         N/A       98%         3
 Ozocubu's Armour         Ice            2%         N/A       98%         3
 Iskenderun's Mystic Bla  Conj/Tloc      7%         2d4       99%         4
 Airstrike                Air            1%         2d(1-17)  100%        4
 Animate Dead             Necr           2%         N/A       100%        4
 Flame Wave               Conj/Fire      2%         2d4       100%        4
 Fulminant Prism          Conj/Hex       1%         3d5       100%        4
 Summon Lightning Spire   Summ/Air       2%         N/A       100%        4
 Borgnjor's Vile Clutch   Necr/Erth      1%         N/A       100%        5
 Lee's Rapid Deconstruct  Erth           1%         3d4*      100%        5
 Metabolic Englaciation   Hex/Ice        1%         N/A       100%        5
 Death Channel            Necr           1%         N/A       100%        6
 Simulacrum               Ice/Necr       1%         N/A       100%        6
 Summon Cactus Giant      Summ           1%         N/A       100%        6
 Ozocubu's Refrigeration  Ice            1%         4d7       100%        7
 Storm Form               Tmut/Air       1%         N/A       100%        7
 Ignition                 Fire           1%         3d3       100%        8
 Chain Lightning          Conj/Air       1%         3d1       100%        9


Dungeon Overview and Level Annotations

Branches:
Dungeon (15/15) Zot: 1012  Temple (1/1) D:5 Zot: 589    Lair (5/5) D:9 Zot: 435
  Swamp (4/4) Lair:2 Zot: 344  Spider (4/4) Lair:3 Zot: 864   Slime (0/5) Lair:5
    Orc (2/2) D:12 Zot: 99     Elf (0/3) Orc:2        Vaults (0/5) D:14
 Depths (0/4) D:15        Volcano (visited)

Altars:
Cheibriados
Elyvilon
Fedhas
Gozag
Hepliaklqana
Kikubaaqudgha
Makhleb
Nemelex Xobeh
Qazlal
Sif Muna
Uskayaw
Vehumet
Wu Jian
Yredelemnul
The Shining One

Shops:
D:9 =[?   D:11 !   Orc:2 [=!*(

Portals:
Pandemonium: Orc:2
Trove: D:10 (give +3 gold dragon scales)

Annotations:
D:12 2 transporters, Barill's ghost, journeyman TrBe
D:14 Roxanne


Innate Abilities, Weirdness & Mutations

You passively map a large area around you.
You are easily found by Zot.
You glow in the dark.
You regain HP and MP as you explore.
You passively dampen the noise of your surroundings.


Message History

A culicivora comes into view.
The demonic crawler misses you. You block the demonic crawler's attack.
The demonic crawler misses you.
Your neqoxec barely misses the demonic crawler.
The demonic crawler barely misses you. The demonic crawler closely misses you.
The demonic crawler hits you!!
Unknown command.
Unknown command.
You slash the demonic crawler!
The demonic crawler looks as sick as possible!
The demonic crawler is heavily wounded.
The demonic crawler hits you but does no damage.
The demonic crawler hits you! The demonic crawler closely misses you.
Your neqoxec hits the demonic crawler but does no damage.
Okay, then.
Okay, then.
The demonic crawler closely misses you.
You block the demonic crawler's attack. x2
The demonic crawler misses you. The demonic crawler hits you!!
* * * LOW HITPOINT WARNING * * *
The demonic crawler hits you but does no damage.
Your neqoxec hits the demonic crawler.
You fly upwards.
Your summoned ally is left behind.
There is a stone staircase leading down here.
Okay, then.
Okay, then.
Cast which spell? (? or * to list)
You blink.
You block the demonic crawler's attack. x3
Unknown command.
Unknown command.
Unknown command.
Unknown command.
Okay, then.
A demon appears!
The demonic crawler hits you!
* * * LOW HITPOINT WARNING * * *
You block the demonic crawler's attack. The demonic crawler hits you!
* * * LOW HITPOINT WARNING * * *
The demonic crawler hits you.
* * * LOW HITPOINT WARNING * * *
The demonic crawler hits you!
You die...

......#.....##
.............#
........^...#
............#
..†.......^.### ###
....[........#.##.#
............##^..>##
............#..^s..#
........^..##...@.##
..........##)....#####
..........#^..2.##...#*
..........#...^.#....#.##
................#...##..##
...^............#...#....#
...................##...#
......^.................#
.............<..........#


You could see a demonic crawler (berserk, extremely poisoned, ally target) and a
friendly green death (summoned).

Vanquished Creatures
  the Lernaean hydra (Swamp:4)
  The ghost of Tang the Warrior, an adept OgHW of Zin (Swamp:4)
  Mlioglotl (Swamp:2)
  A thorn hunter (Swamp:4)
  Kirke (D:12)
  The ghost of Yamstis the Nimble, an adept GnMo of Makhleb (D:15)
  A fenstrider witch (Swamp:3)
  A ghost moth (Spider:3)
  An emperor scorpion (Spider:3)
  4 eleionomae
  2 bunyips
  A spark wasp (Spider:2)
  Snorg (Lair:3)
  An ettin (D:15)
  3 entropy weavers (Spider:2)
  3 vault guards (D:14)
  2 demonspawn (Orc:2)
  Harold (Orc:1)
  13 hydras
  2 catoblepae
  4 centaur warriors
  4 boulder beetles
  A deep troll shaman (Lair:5)
  12 death yaks
  A jorogumo (Spider:3)
  7 alligators
  A death scarab (Spider:2)
  7 two-headed ogres
  4 orc high priests (Orc:2)
  Amaemon (D:8)
  A sixfirhy (Orc:2)
  A sun moth (Spider:2)
  A fire crab (Volcano)
  A skyshark (Lair:4)
  2 goliath frogs (Swamp:3)
  A skeletal warrior (D:14)
  4 pharaoh ants
  8 bog bodies
  3 orb spiders
  3 deep trolls (D:15)
  11 swamp dragons
  2 spriggan druids
  2 orc knights (Orc:2)
  11 wolf spiders
  3 steelbarb worms
  2 lindwurms
  4 deep elf pyromancers
  A necromancer (D:15)
  4 orc sorcerers (Orc:2)
  8 cyclopes
  3 will-o-the-wisps (Swamp:4)
  12 ugly things
  A manticore (D:14)
  2 moths of wrath (Spider:4)
  8 elephants
  A guardian serpent (D:13)
  Maurice (D:12)
  Joseph (D:10)
  3 black mambas
  3 demonic crawlers
  7 cane toads
  2 torpor snails (Spider:1)
  An orange demon (D:8)
  3 gargoyles
  2 unseen horrors
  Maggie (D:7)
  2 efreet
  8 komodo dragons
  A kobold demonologist (D:12)
  5 rime drakes
  A rime drake (shapeshifter) (D:14)
  A tengu conjurer (D:13)
  A yaktaur (D:15)
  A wind drake (Spider:1)
  7 tyrant leeches
  A polar bear (Lair:5)
  9 tarantellas
  A queen bee (Spider:2)
  A red devil (Orc:2)
  9 hornets
  4 trolls
  A tarantella (shapeshifter) (D:14)
  24 jumping spiders
  A wraith (D:14)
  12 blink frogs
  A centaur simulacrum (D:14)
  14 culicivoras
  2 hogs (D:12)
  2 ynoxinuls (Orc:2)
  3 water elementals (D:12)
  A slime creature (D:14)
  6 spriggans
  A wyvern (Lair:5)
  2 shadows (D:11)
  18 yaks
  10 fire bats (Volcano)
  35 redbacks
  2 steam dragons
  2 vampire mosquitoes (D:13)
  3 wargs
  10 swamp worms
  A swamp worm (shapeshifter) (D:12)
  10 water moccasins
  A hell hound (Volcano)
  6 swamp drakes
  3 ice beasts
  24 orc warriors
  5 black bears
  4 ogres
  14 wolves
  4 boggarts (D:15)
  5 centaurs
  2 phantoms
  7 kobold brigands
  A necrophage (Swamp:3)
  6 bullfrogs
  2 scorpions (D:5)
  4 wights (D:6)
  17 killer bees
  5 electric eels
  A gnoll bouda (D:7)
  A jelly (D:6)
  19 orc priests
  5 hounds
  2 sleepcaps
  An iguana (D:6)
  18 orc wizards
  11 gnolls
  5 adders
  2 ufetubi
  6 worms
  3 dart slugs
  59 orcs
  4 endoplasms
  2 giant cockroaches
  A goblin (D:4)
  4 hobgoblins
  A jackal (D:2)
  4 ball pythons
  2 bats
  A frilled lizard (D:2)
  17 kobolds
  2 rats
702 creatures vanquished.

Vanquished Creatures (collateral kills)
  Rupert (D:12)
  An eleionoma (Swamp:3)
  A bunyip (Swamp:2)
  A vault guard (D:14)
  A catoblepas (Lair:5)
  A demonspawn (Orc:2)
  A radroach (Spider:1)
  A death yak (Lair:3)
  2 orc high priests (Orc:2)
  4 skeletal warriors (D:14)
  A pharaoh ant (Spider:1)
  A lindwurm (Lair:4)
  2 orc knights (Orc:2)
  An orc sorcerer (Orc:2)
  A wolf spider (Spider:4)
  A will-o-the-wisp (Swamp:3)
  5 elephants
  2 demonic crawlers (Spider:1)
  An orange demon (Orc:2)
  A troll (Orc:2)
  2 tarantellas
  A jumping spider (Spider:1)
  A wraith (D:11)
  A spriggan (Swamp:3)
  3 fire bats (Volcano)
  A yak (Lair:4)
  A basilisk (D:14)
  2 hogs (D:12)
  3 redbacks
  A vampire mosquito (D:14)
  A swamp worm (Swamp:3)
  2 wargs
  A neqoxec (Orc:2)
  4 ogres (Orc:1)
  7 orc warriors (Orc:2)
  A necrophage (Swamp:4)
  5 orc priests
  2 orc wizards
  10 orcs
79 creatures vanquished.

Vanquished Creatures (others)
  A wolf spider (Spider:4)
  3 bloated husks
  2 centaurs (D:13)
  An orc wizard (D:13)
  25 foxfires
32 creatures vanquished.

Grand Total: 813 creatures vanquished

Notes
Turn   | Place    | Note
-------+----------+-------------------------------------------
     0 | D:1      | Charmandara the Meteoran Fighter began the quest for the
                  | Orb.
     0 | D:1      | Reached XP level 1. HP: 19/19 MP: 2/2
    99 | D:2      | Reached skill level 3 in Axes
    99 | D:2      | Reached XP level 2. HP: 26/26 MP: 3/3
   166 | D:2      | Reached skill level 4 in Axes
   166 | D:2      | Reached XP level 3. HP: 31/31 MP: 4/4
   209 | D:2      | Identified the +0 robe of Atuolar {Dex+2}
   280 | D:2      | Found a radiant altar of Vehumet.
   457 | D:2      | Reached XP level 4. HP: 38/38 MP: 5/5
   529 | D:4      | Reached skill level 5 in Axes
   676 | D:3      | Reached XP level 5. HP: 29/45 MP: 6/6
   856 | D:4      | Reached skill level 6 in Axes
   901 | D:4      | Reached XP level 6. HP: 33/51 MP: 7/7
   961 | D:4      | Noticed a black bear
  1007 | D:4      | Killed a black bear
  1008 | D:4      | Reached skill level 7 in Axes
  1056 | D:4      | Reached skill level 8 in Axes
  1056 | D:4      | Reached XP level 7. HP: 55/57 MP: 8/8
  1145 | D:4      | Found a hazy altar of Hepliaklqana.
  1436 | D:5      | Entered Level 5 of the Dungeon
  1484 | D:5      | Reached skill level 9 in Axes
  1573 | D:6      | Reached XP level 8. HP: 35/63 MP: 9/9
  1615 | D:6      | Reached skill level 10 in Axes
  1683 | D:6      | Reached skill level 11 in Axes
  1833 | D:5      | Reached skill level 12 in Axes
  1833 | D:5      | Gained mutation: You passively map the area around you.
                  | [Meteoran growth]
  1833 | D:5      | Reached XP level 9. HP: 56/70 MP: 10/10
  2012 | D:5      | Found a shimmering blue altar of Sif Muna.
  2094 | D:5      | Found a staircase to the Ecumenical Temple.
  2103 | Temple   | Entered the Ecumenical Temple
  2108 | Temple   | Became a worshipper of Makhleb the Destroyer
  2533 | D:7      | Found an ancient bone altar of Kikubaaqudgha.
  2582 | D:7      | Noticed Maggie
  2593 | D:7      | Killed Maggie
  2594 | D:7      | Reached skill level 1 in Dodging
  2674 | D:10     | Entered Level 10 of the Dungeon
  2718 | D:10     | Noticed Joseph
  2737 | D:10     | Killed Joseph
  2738 | D:10     | Reached skill level 5 in Shields
  2810 | D:10     | Reached skill level 5 in Armour
  2891 | D:10     | Noticed a troll
  2897 | D:10     | Killed a troll
  2898 | D:10     | Reached XP level 10. HP: 64/80 MP: 11/11
  2915 | D:11     | Noticed a cyan ugly thing
  2915 | D:11     | Found Boabeome's Distillery.
  2922 | D:9      | Found a staircase to the Lair.
  2933 | D:9      | Noticed a two-headed ogre
  2941 | D:9      | Killed a two-headed ogre
  2942 | D:9      | Reached skill level 5 in Fighting
  2942 | D:9      | Reached skill level 13 in Axes
  3128 | D:7      | Reached * piety under Makhleb
  3409 | D:8      | Noticed Amaemon
  3421 | D:8      | Killed Amaemon
  3423 | D:8      | Noticed an orange demon
  3425 | D:8      | Reached XP level 11. HP: 92/92 MP: 12/12
  3451 | D:8      | Noticed a two-headed ogre
  3462 | D:8      | Killed a two-headed ogre
  3463 | D:8      | Reached skill level 14 in Axes
  3740 | D:9      | Found Bowaduul's Magic Scroll Emporium.
  3821 | D:9      | Found Ycuqic's Antique Armour Shop.
  3865 | D:9      | Found Wigiulor's Jewellery Shop.
  3893 | D:9      | Bought a scroll of blinking for 105 gold pieces
  3893 | D:9      | Bought a scroll of blinking for 105 gold pieces
  3897 | D:9      | Found a blossoming altar of Fedhas.
  3897 | D:9      | Found a stormy altar of Qazlal.
  3903 | D:9      | Found a faded altar of an unknown god.
  3905 | D:9      | Found a basalt altar of Yredelemnul.
  3907 | D:9      | Found a faded altar of an unknown god.
  4468 | D:10     | Reached ** piety under Makhleb
  4539 | D:10     | Found a portal to a secret trove of treasure.
  4793 | D:11     | Reached skill level 15 in Axes
  4878 | D:11     | Noticed a two-headed ogre
  4885 | D:11     | Killed a two-headed ogre
  4886 | D:11     | Reached skill level 10 in Armour
  4952 | D:11     | Noticed a cyclops
  4974 | D:11     | Killed a cyclops
  4975 | D:11     | Reached XP level 12. HP: 96/104 MP: 13/13
  5163 | D:12     | Found a transporter.
  5165 | D:12     | Noticed a two-headed ogre
  5165 | D:12     | Noticed Barill's ghost (journeyman TrBe)
  5167 | D:12     | Identified the +6 giant club "Nawu" {holy, Dex+3}
  5167 | D:12     | Noticed a two-headed ogre
  5167 | D:12     | Noticed a two-headed ogre
  5170 | D:12     | Noticed a two-headed ogre
  5172 | D:12     | Found a transporter.
  5172 | D:12     | Noticed a two-headed ogre
  5172 | D:12     | Noticed a two-headed ogre
  5420 | D:12     | Noticed Rupert
  5422 | D:12     | Noticed a two-headed ogre
  5455 | D:12     | Noticed Kirke
  5526 | D:13     | Noticed a centaur warrior
  5546 | D:13     | Noticed a centaur warrior
  5565 | D:13     | Killed a centaur warrior
  5566 | D:13     | Reached skill level 10 in Fighting
  5579 | D:13     | Reached *** piety under Makhleb
  5588 | D:13     | Killed a centaur warrior
  5598 | D:13     | Reached skill level 16 in Axes
  5815 | D:13     | Noticed a two-headed ogre
  5825 | D:13     | Killed a two-headed ogre
  5866 | D:13     | Noticed a deep elf pyromancer
  5870 | D:13     | Noticed a two-headed ogre
  5876 | D:13     | Killed a deep elf pyromancer
  5902 | D:13     | Killed a two-headed ogre
  5903 | D:13     | Reached XP level 13. HP: 97/115 MP: 14/14
  5978 | D:11     | Bought a potion of resistance for 140 gold pieces
  5995 | Lair:1   | Entered Level 1 of the Lair of Beasts
  6082 | Lair:1   | Reached skill level 1 in Invocations
  6428 | Lair:2   | Found a staircase to the Swamp.
  6466 | Lair:2   | Reached skill level 5 in Invocations
  6540 | Lair:3   | Noticed Snorg
  6554 | Lair:3   | Killed Snorg
  6630 | Lair:3   | Noticed a five-headed hydra
  6643 | Lair:3   | Killed a five-headed hydra
  6812 | Lair:2   | Found the +15 Maxwell's patent armour {-Cast -Tele rElec
                  | Will+ rCorr}
  6830 | Lair:2   | Learned a level 2 spell: Blink
  6833 | Lair:2   | Learned a level 2 spell: Lesser Beckoning
  6947 | Lair:2   | Noticed a catoblepas
  6982 | Lair:2   | Killed a catoblepas
  7052 | Lair:3   | Noticed a boulder beetle
  7053 | Lair:3   | Noticed a death yak
  7053 | Lair:3   | Noticed a death yak
  7066 | Lair:3   | Reached skill level 17 in Axes
  7068 | Lair:3   | Noticed a death yak
  7068 | Lair:3   | Noticed a death yak
  7100 | Lair:3   | Killed a death yak
  7108 | Lair:3   | Noticed a death yak
  7127 | Lair:3   | Killed a death yak
  7132 | Lair:3   | Killed a death yak
  7156 | Lair:3   | Killed a boulder beetle
  7195 | Lair:3   | Killed a death yak
  7196 | Lair:3   | Reached XP level 14. HP: 85/126 MP: 20/21
  7197 | Lair:3   | Reached **** piety under Makhleb
  7355 | Lair:3   | Found a hole to the Spider Nest.
  7400 | Lair:3   | Got the Octavo of the Red Missiles
  7596 | Lair:4   | Reached skill level 10 in Invocations
  7625 | Lair:4   | Reached skill level 1 in Evocations
  7662 | Lair:4   | Reached skill level 5 in Dodging
  7750 | Lair:5   | Entered Level 5 of the Lair of Beasts
  7838 | Lair:5   | Found a dark tunnel.
  7846 | Volcano  | Entered a volcano
  8416 | Lair:5   | Reached XP level 15. HP: 126/134 MP: 24/24
  8421 | Lair:5   | Found a staircase to the Slime Pits.
  8455 | Lair:5   | Identified the +0 scale mail of the Abyss {rElec Int-5
                  | SInv}
  8636 | Lair:5   | Reached skill level 18 in Axes
  9189 | D:12     | Found the +7 staff of the Meek {protect, meekguard}
  9254 | D:12     | Noticed Maurice
  9273 | D:12     | Killed Maurice
  9305 | D:12     | Reached skill level 5 in Evocations
  9320 | D:12     | Killed Kirke
  9603 | D:12     | Found a staircase to the Orcish Mines.
  9631 | D:12     | Reached ***** piety under Makhleb
  9665 | Orc:1    | Entered Level 1 of the Orcish Mines
  9673 | Orc:1    | Noticed Harold
  9701 | Orc:1    | Killed Harold
  9887 | Orc:2    | Entered Level 2 of the Orcish Mines
 10127 | Orc:2    | Found Wovvaw's General Store.
 10130 | Orc:2    | Found Yrous's Distillery.
 10297 | Orc:2    | Gained mutation: You are frail. (-10% HP) [a neqoxec]
 10314 | Orc:2    | Lost mutation: You are frail. (-10% HP) [potion of
                  | mutation]
 10314 | Orc:2    | Gained mutation: You passively dampen the noise of your
                  | surroundings. [potion of mutation]
 10348 | Orc:2    | Reached XP level 16. HP: 138/145 MP: 27/27
 10553 | Orc:2    | Found a staircase to the Elven Halls.
 10596 | Orc:2    | Found Fajasitz's Weapon Emporium.
 10706 | Orc:2    | Paralysed by an orc sorcerer for 2 turns
 10784 | Orc:2    | Found Suschos's Antique Armour Boutique.
 10784 | Orc:2    | Found Qehefose's Jewellery Shop.
 10785 | Orc:2    | Found a one-way gate leading to the halls of Pandemonium.
 10789 | Orc:2    | Bought a pair of embroidered boots for 187 gold pieces
 10802 | Orc:2    | Bought a ring of flight for 245 gold pieces
 10802 | Orc:2    | Bought a ring of protection from cold for 350 gold pieces
 10831 | Orc:2    | Bought a wand of digging (3) for 189 gold pieces
 10833 | Orc:2    | Bought a potion of curing for 36 gold pieces
 10833 | Orc:2    | Bought a potion of resistance for 120 gold pieces
 10833 | Orc:2    | Bought a potion of curing for 36 gold pieces
 10907 | Orc:1    | Glimpsed the power of Zot.
 11267 | D:14     | Found a hide-covered altar of Uskayaw.
 11499 | D:14     | Found a gate to the Vaults.
 11669 | D:14     | Noticed Roxanne
 11700 | D:15     | Entered Level 15 of the Dungeon
 11775 | D:15     | Found a snail-covered altar of Cheibriados.
 11788 | D:15     | Reached skill level 15 in Invocations
 11876 | D:15     | Reached skill level 10 in Dodging
 11921 | D:15     | Found a staircase to the Depths.
 12009 | D:15     | Reached skill level 15 in Fighting
 12014 | D:15     | Reached XP level 17. HP: 156/156 MP: 29/29
 12042 | D:15     | Noticed Yamstis's ghost (adept GnMo)
 12043 | D:15     | Found a runed translucent door.
 12079 | D:15     | Killed Yamstis's ghost
 12175 | D:15     | Identified the +1 falchion of Cruel Justice {freeze, rF+}
 12256 | D:12     | Killed Rupert
 12298 | D:11     | Bought a potion of mutation for 112 gold pieces
 12298 | D:11     | Bought a potion of curing for 42 gold pieces
 12298 | D:11     | Bought a potion of haste for 140 gold pieces
 12390 | Spider:1 | Entered Level 1 of the Spider Nest
 13148 | Swamp:1  | Entered Level 1 of the Swamp
 13509 | Swamp:2  | Noticed Mlioglotl
 13535 | Swamp:2  | Killed Mlioglotl
 13641 | Swamp:3  | Noticed a fenstrider witch
 13806 | Swamp:4  | Entered Level 4 of the Swamp
 13890 | Swamp:3  | Paralysed by a fenstrider witch for 2 turns
 13900 | Swamp:3  | Killed a fenstrider witch
 14035 | Swamp:3  | Gained mutation: You passively map a large area around you.
                  | [Meteoran growth]
 14035 | Swamp:3  | Reached XP level 18. HP: 166/166 MP: 29/31
 14398 | Swamp:4  | Found a runed translucent door.
 14398 | Swamp:4  | Noticed Tang's ghost (adept OgHW)
 14424 | Swamp:4  | Reached skill level 1 in Spellcasting
 14424 | Swamp:4  | Reached skill level 1 in Translocations
 14454 | Swamp:4  | Killed Tang's ghost
 14741 | Swamp:4  | Identified the amulet of Lugonu's Generosity {Faith -Cast
                  | Str+6 Int-2 SInv}
 14859 | Swamp:4  | Noticed the 27-headed Lernaean hydra
 14869 | Swamp:4  | Killed the 27-headed Lernaean hydra
 14880 | Swamp:4  | Got a decaying rune of Zot
 14898 | Swamp:4  | Noticed a thorn hunter
 14915 | Swamp:4  | Killed a thorn hunter
 15633 | Spider:2 | Upgraded the game from 0.30.1-11-g7821555f0a to 0.30.2
 15923 | Spider:3 | Reached skill level 10 in Shields
 15955 | Spider:3 | Reached XP level 19. HP: 163/163 MP: 17/32
 16182 | Spider:3 | Reached ****** piety under Makhleb
 16320 | Spider:4 | Entered Level 4 of the Spider Nest
 16337 | Spider:4 | Reached skill level 5 in Translocations
 16341 | Spider:4 | Reached skill level 5 in Spellcasting
 16385 | Spider:3 | HP: 5/177 [demonic crawler (5)]
 16385 | Spider:3 | Slain by a demonic crawler

Illustrated notes

Levels and vault maps discovered:
D:1:      wander_arrival_abandoned_jail, layout_loops_cross
D:2:      cheibrodos_pilgrimage, layout_loops_ring, basic_altar, minmay_vboxes
D:3:      layout_loops_corners
D:4:      layout_loops_corners, worldfamousw_hep_ancestral_shrine
D:5:      minmay_general_purpose_star, layout_basic,
          mainiacjoe_overflow_alcove_2, minmay_temple_entry_overgrown,
          nrook_campfire, hangedman_decor_peaks_small
D:6:      layout_basic
D:7:      layout_basic, overflow_temple_1_default, corner_web_ring,
          minmay_misc_feat_rugged, uniq_maggie
D:8:      layout_rooms, uniq_amaemon
D:9:      layout_loops_cross, chequers_temple_overflow_minitemple,
          dpeg_oklobed_lair, serial_shops, kennysheep_mini_moat,
          nicolae_square_shop, shop, shop
D:10:     layout_basic, enter_trove_2, serial_corexii_hall,
          chequers_hall_statues_corner_a, chequers_hall_statues_corner_a,
          uniq_joseph
D:11:     layout_big_octagon, serial_shops, nicolae_stop_n_shop_1
D:12:     layout_basic, david_orc_1_choice, gammafunk_ghost_smash, uniq_kirke,
          uniq_rupert, uniq_maurice
D:13:     layout_cave_pods, nrook_guardian_serpent_double
D:14:     layout_rooms, lightli_vaults_fourway_checkpoint,
          nicolae_uskayaw_en_pointe, nicolae_figureground_sparkle, uniq_roxanne
D:15:     hangedman_depths_entry_civil_slaughter, layout_loops_ring,
          cheibriados_altar_1, hellmonk_ghost_happy_afterlife
Temple:   nicolae_temple_bog_church
Lair:1:   layout_small_grid
Lair:2:   layout_gridlike, skrybe_swamp_entry_bodies
Lair:3:   layout_regular_city, spider_nest_entry_web_field,
          serial_bayou_shore_b, uniq_snorg
Lair:4:   beast_lair_carwin_large_3, layout_misc_corridors
Lair:5:   grunt_lair_end_beastmaster, layout_small_grid, slime_entry_1,
          enter_volcano_2
Swamp:1:  layout_falls_marsh, evilmike_swamp_ruin_house_3
Swamp:2:  layout_falls_marsh, nicolae_swamp_dense_foliage, swamp_pool1,
          nicolae_swamp_tree_designs, uniq_mlioglotl
Swamp:3:  layout_basic_swamp, hangedman_swamp_pad, infiniplex_staircase_pool
Swamp:4:  grunt_swamp_rune_castle, layout_basic_swamp, gammafunk_ghost_grave,
          swamp_pool3, nicolae_swamp_wisp_ring_woods
Spider:1: layout_spider_delve
Spider:2: layout_cave_pods, hive_lemuel, uniq_arachne
Spider:3: nicolae_spider_mines_1, drop_trap
Spider:4: grunt_spider_rune_circles
Orc:1:    layout_caves, uniq_harold
Orc:2:    pf_orc_diabolical, layout_diamond_mine, serial_shops, shop

Skill      XL: |  1  2  3  4  5  6  7  8  9 10 11 12 13 14 15 16 17 18 19 |
---------------+----------------------------------------------------------+-----
Axes           | 3 4 5 6 8 9 12 13 15 16 17 18 | 18.0
Shields        | 5 10 | 10.0
Armour         | 5 7 10 11 13 | 13.8
Dodging        | 3 4 6 8 10 12 13 | 13.0
Fighting       | 4 7 9 10 12 13 15 16 17 | 17.0
Invocations    | 8 11 13 15 17 | 17.8
Evocations     | 3 6 9 |  9.0
Spellcasting   | 3 5 |  5.1
Translocations | 3 5 |  5.2

Action                     |  1- 3 |  4- 6 |  7- 9 | 10-12 | 13-15 | 16-18 | 19-21 || total
---------------------------+-------+-------+-------+-------+-------+-------+-------++-------
  Melee: War axe           |    75 |    72 |   139 |       |    37 |       |       ||   323
         Morningstar       |       |       |    71 |   329 |   132 |   109 |       ||   641
         Demon whip        |       |       |       |   172 |   903 |   957 |       ||  2032
         Broad axe         |       |       |       |       |       |   387 |   126 ||   513
  Throw: Dart              |       |       |     8 |     7 |     6 |       |       ||    21
         Throwing net      |       |       |       |     2 |       |       |       ||     2
   Cast: Blink             |       |       |       |       |       |       |     1 ||     1
 Invoke: Minor Destruction |       |       |       |     2 |     2 |     8 |     1 ||    13
         Lesser Servant of |       |       |       |       |    24 |    24 |     1 ||    49
         Major Destruction |       |       |       |       |       |    13 |       ||    13
         Greater Servant o |       |       |       |       |       |     2 |     2 ||     4
  Evoke: Wand              |       |       |       |    24 |    53 |    57 |    24 ||   158
         Phial of floods   |       |       |       |       |     2 |     3 |       ||     5
         Phantom mirror    |       |       |       |       |     2 |     3 |       ||     5
    Use: Scroll            |       |     8 |     6 |    12 |     6 |    16 |     1 ||    49
         Potion            |       |     4 |     7 |     7 |     8 |    12 |     2 ||    40
   Stab: Betrayed ally     |       |       |       |     1 |       |       |       ||     1
         Distracted        |       |       |       |       |     8 |    11 |       ||    19
         Petrified         |       |       |       |       |     3 |       |       ||     3
 Armour: Scale mail        |    45 |    37 |    47 |       |       |       |       ||   129
         Chain mail        |       |       |    68 |       |   197 |   731 |    85 ||  1081
         Swamp dragon scal |       |       |    17 |   235 |   272 |       |       ||   524
         Skin              |       |       |       |    57 |       |       |       ||    57
  Dodge: Dodged            |    18 |    28 |    62 |   206 |   375 |   681 |    64 ||  1434
  Block: Buckler           |    25 |    13 |    52 |   119 |   294 |   390 |       ||   893
         Kite shield       |       |       |       |       |       |   113 |   106 ||   219
